 Dungeon Crawl Stone Soup version 0.20.0-10-g0535bb4 (webtiles) character file.

172 stbrolaf the Skirmisher (level 5, 0/47 HPs)
             Began as a Hill Orc Fighter on June 4, 2017.
             Slain by an iguana (5 damage)
             ... on level 4 of the Dungeon.
             The game lasted 00:04:44 (868 turns).

stbrolaf the Skirmisher (Hill Orc Fighter)           Turns: 868, Time: 00:04:45

Health: 0/47       AC:  7    Str: 20    XL:     5   Next: 53%
Magic:  5/5        EV:  8    Int:  8    God:
Gold:   50         SH:  9    Dex: 10    Spells: 4/4 levels left

rFire    . . .     SeeInvis .   a - +0 rapier
rCold    . . .     Gourm    .   c - +0 shield
rNeg     . . .     Faith    .   b - +0 scale mail
rPois    .         Spirit   .   (no helmet)
rElec    .         Reflect  .   (no cloak)
rCorr    .         Harm     .   (no gloves)
MR       .....                  (no boots)
Stlth    ..........             (no amulet)
Regen    0.2/turn               (no ring)
MPRegen  0.1/turn               (no ring)

@: no status effects
A: no striking features
a: no special abilities


You were on level 4 of the Dungeon.
You were not hungry.

You visited 2 branches of the dungeon, and saw 5 of its levels.

You collected 50 gold pieces.

Inventory:

Hand Weapons
 a - a +0 rapier (weapon)
Armour
 b - a +0 scale mail (worn)
 c - a +0 shield (worn)
Scrolls
 e - a scroll of amnesia {unknown}
 g - 2 scrolls of identify {unknown}
 j - a scroll of fear {unknown}
 k - 2 scrolls of enchant weapon {unknown}
 l - a scroll of enchant armour {unknown}
Potions
 d - a potion of might
 h - a potion of heal wounds {unknown}
Comestibles
 f - a bread ration
 i - 2 fruits


   Skills:
 + Level 4.8 Fighting
 + Level 2.8 Short Blades
 + Level 4.1 Armour
 + Level 1.0 Dodging
 + Level 4.5 Shields


You had 4 spell levels left.
You didn't know any spells.

Dungeon Overview and Level Annotations

Branches:
Dungeon (4/15)             Temple (1/1) D:4

Altars:
Ashenzari
Cheibriados
Dithmenos
Elyvilon
Gozag
Hepliaklqana
Kikubaaqudgha
Makhleb
Nemelex Xobeh
Okawaru
Qazlal
Ru
Sif Muna
Trog
Uskayaw
Vehumet
Xom
Yredelemnul
Zin
The Shining One


Message History

The howler monkey skeleton hits you but does no damage.
The centaur skeleton hits you.
* * * LOW HITPOINT WARNING * * *
The iguana misses you.
You puncture the howler monkey skeleton!
You destroy the howler monkey skeleton!
You block the centaur skeleton's attack.
You block the iguana's attack.
The centaur skeleton hits you but does no damage.
The iguana bites you but does no damage.
You barely miss the iguana.
The iguana is moderately wounded.
The centaur skeleton barely misses you.
You block the centaur skeleton's attack.
The iguana bites you but does no damage.
You hit the iguana but do no damage.
The iguana is moderately wounded.
You block the centaur skeleton's attack.
The iguana bites you.
You die...

..# #.# ######### #.##
..#.##.l.....# #..##
.......@..##.# #...####
.#..[...Z..#.# #......#
##........#.####...⌠..#
#.........#............
..........#######.⌠.>.⌠#
#...#....## #......#
#...#.#### #...⌠..# #..
#. #......# #.###..#


You could see an iguana and a centaur skeleton.

Vanquished Creatures
  An ogre (D:4)
  A hound (D:4)
  A centaur skeleton (D:4)
  A howler monkey skeleton (D:4)
  A dart slug (D:1)
  2 leopard geckos (D:1)
  A bat (D:1)
  A giant cockroach (D:1)
  2 goblins (D:1)
  3 hobgoblins (D:1)
  3 jackals (D:1)
  3 kobolds
  2 rats (D:1)
22 creatures vanquished.

Notes
Turn   | Place    | Note
-------+----------+-------------------------------------------
     0 | D:1      | stbrolaf the Hill Orc Fighter began the quest for the Orb.
     0 | D:1      | Reached XP level 1. HP: 19/19 MP: 1/1
   176 | D:1      | Reached XP level 2. HP: 17/27 MP: 2/2
   577 | D:1      | Reached XP level 3. HP: 30/33 MP: 3/3
   667 | D:4      | Noticed an ogre
   673 | D:4      | Killed an ogre
   673 | D:4      | Reached XP level 4. HP: 22/41 MP: 4/4
   673 | D:4      | Reached XP level 5. HP: 26/47 MP: 5/5
   682 | D:4      | Found a staircase to the Ecumenical Temple.
   690 | Temple   | Entered the Ecumenical Temple
   861 | D:4      | Reached skill level 1 in Dodging
   868 | D:4      | Slain by an iguana

Skill      XL: |  1  2  3  4  5 |
---------------+----------------+-----
Fighting       | 4 |  4.8
Shields        | 4 |  4.5
Armour         | 4 |  4.1
Dodging        | 1 |  1.0
Short Blades   | |  2.8

Action                   |  1- 3 |  4- 6 || total
-------------------------+-------+-------++-------
Melee: Rapier            |    56 |    18 ||    74
Armor: Scale mail        |    42 |    20 ||    62
Dodge: Dodged            |    29 |    13 ||    42
Block: Shield            |    38 |    22 ||    60
